[Event "3rd ESNAI-ch 2018"]
[Site "Klaksvik"]
[Date "2018.04.14"]
[Round "1"]
[White "Efimov, Igor"]
[Black "Kirby, Peter J"]
[Result "1-0"]
[ECO "A48"]
[WhiteElo "2407"]
[BlackElo "1985"]
[Annotator "NA"]
[PlyCount "57"]
[EventDate "2018.??.??"]
[EventType "tourn"]
[EventCountry "FAI"]
[SourceTitle "playchess.com"]
[Source "ChessBase"]
[SourceQuality "1"]
[TimeControl "40/5400+30:1800+30"]

1. d4 Nf6 2. Nf3 g6 3. c4 Bg7 4. Nc3 O-O 5. Bg5 h6 6. Bh4 d6 7. e3 b6 {[%emt 0:00:56] E61: King's Indian: Early deviations for White, including Smyslov System} (7... c6 8. Be2 a6 9. Qc2 b5 10. a3 Nbd7 11. O-O Bb7 12. Rfd1 bxc4 13. Bxc4 g5 14. Bg3 Nh5 15. Ba2 Rb8 16. Ne4 Ndf6 17. Nxf6+ exf6 {1-0 (47) Kempinski,R (2586)-Dziuba,M (2556) Poland 2017}) 8. Be2 Bb7 9. Qc2 Nbd7 10. O-O a5 11. Rfd1 Qc8 $146 ({Predecessor:} 11... Re8 12. Rac1 e5 13. d5 Nc5 14. e4 Bc8 15. Nd2 Rf8 16. f3 {0-1 (50) Daut,M (1436)-Dinger,F (1622) Ludwigsburg 2002}) 12. d5 c6 13. Rac1 Re8 14. h3 {[%emt 0:04:08] Nc} Nc5 15. b3 Qf5 16. Qxf5 gxf5 17. Nd4 cxd5 18. Nxf5 dxc4 19. Bxc4 Bc8 (19... Kf8 $16 20. f3 Rec8) 20. Nxg7 Kxg7 21. Bxf6+ exf6 22. Rxd6 Rb8 23. Bb5 Re6 24. Rd8 Nb7 25. Rd4 Nd6 $18 (25... Rd6 $142 26. Ne2 Rxd4 27. Nxd4 Nd6) 26. Be2 f5 27. Nd5 Ne4 28. Nc7 Rd6 29. Ne8+ 1-0

[Event "3rd ESNAI-ch 2018"]
[Site "Klaksvik"]
[Date "2018.04.14"]
[Round "1"]
[White "Klerides, Paris"]
[Black "Theocharous, Stelios"]
[Result "1-0"]
[ECO "B33"]
[WhiteElo "2183"]
[BlackElo "2099"]
[Annotator "NA"]
[PlyCount "83"]
[EventDate "2018.??.??"]
[EventType "tourn"]
[EventCountry "FAI"]
[SourceTitle "playchess.com"]
[Source "ChessBase"]
[SourceQuality "1"]
[TimeControl "40/5400+30:1800+30"]

1. e4 c5 2. Nf3 Nc6 3. d4 cxd4 4. Nxd4 Nf6 5. Nc3 e5 6. Ndb5 d6 7. Bg5 a6 8. Na3 b5 9. Nd5 Be7 10. Bxf6 Bxf6 11. c3 O-O 12. Nc2 Bg5 13. h4 Bh6 14. g4 Bf4 15. Qf3 h5 {[%emt 0:02:51] B33: Sicilian: Pelikan and Sveshnikov Variations} (15... Be6 16. Nxf4 exf4 17. Qxf4 Ne5 18. g5 Re8 19. O-O-O Bxa2 20. h5 b4 21. Nxb4 Bb3 22. Nc2 Qa5 23. g6 hxg6 {½-½ (49) Haugen,A (2536)-Dronov,A (2595) ICCF email 2006}) 16. gxh5 f5 $146 ({Predecessor:} 16... Bh6 17. Nce3 Ne7 18. Bh3 Nxd5 19. Nxd5 Be6 20. Ne3 Rc8 21. Rg1 Qxh4 22. Nf5 Bxf5 23. Bxf5 {0-1 (33) Kosztolanczi,G (2185)-Kaman,A (2185) Hungary 1995}) 17. Nxf4 exf4 18. O-O-O Ne5 19. Qxf4 $16 Bb7 20. h6 fxe4 21. Qg3 Rf7 22. Ne3 Qf6 23. hxg7 Rxg7 24. Qh2 Rd8 25. Rg1 Kh8 26. Rxg7 Qxg7 27. Be2 Qf6 28. Rg1 b4 29. Rg5 bxc3 30. Rh5+ Kg7 31. Qg3+ Ng6 32. Nf5+ Kf8 33. Ne3 cxb2+ 34. Kb1 Rc8 35. Bc4 Qc3 36. Qxd6+ Ne7 37. Rf5+ Ke8 38. Bf7+ Kf8 39. Bh5+ Kg8 40. Qe6+ Kh8 41. Qh6+ Kg8 42. Bf7# 1-0

[Event "3rd ESNAI-ch 2018"]
[Site "Klaksvik"]
[Date "2018.04.16"]
[Round "3"]
[White "Kirby, Peter J"]
[Black "Theocharous, Stelios"]
[Result "1-0"]
[ECO "E05"]
[WhiteElo "1985"]
[BlackElo "2099"]
[Annotator "NA RC"]
[PlyCount "68"]
[EventDate "2018.??.??"]
[EventType "tourn"]
[EventCountry "FAI"]
[SourceTitle "playchess.com"]
[Source "ChessBase"]
[SourceQuality "1"]
[TimeControl "40/5400+30:1800+30"]

1. d4 Nf6 2. c4 e6 3. g3 d5 4. Nf3 dxc4 5. Bg2 Be7 6. Ne5 O-O 7. O-O c5 8. dxc5 Bxc5 9. Nxc4 $14 Nc6 10. Nbd2 Bd7 11. Nb3 Be7 12. Be3 b5 13. Nd6 Nd5 14. Bc5 Na5 15. Nxa5 Qxa5 16. Nb7 Qc7 17. Bxe7 Nxe7 18. Rc1 Bc6 19. Bxc6 Nxc6 20. Qd6 Qxd6 21. Nxd6 Nd4 22. Rfe1 Rfd8 23. Ne4 Rac8 24. Kf1 Kf8 25. Red1 e5 26. h3 f5 27. Nc5 Ke7 28. b4 Nc6 29. a3 Nd4 30. e3 Nc6 31. Ke2 e4 32. Rxd8 Rxd8 33. Nxe4 Nxb4 34. Rc7+ Ke6 1-0

[Event "3rd ESNAI-ch 2018"]
[Site "Klaksvik"]
[Date "2018.04.17"]
[Round "4"]
[White "Frick, Renato"]
[Black "Kirby, Peter J"]
[Result "1/2-1/2"]
[ECO "B34"]
[WhiteElo "2062"]
[BlackElo "1985"]
[Annotator "NA"]
[PlyCount "60"]
[EventDate "2018.??.??"]
[EventType "tourn"]
[EventCountry "FAI"]
[SourceTitle "playchess.com"]
[Source "ChessBase"]
[SourceQuality "1"]
[TimeControl "40/5400+30:1800+30"]

1. e4 c5 2. Nf3 Nc6 3. Nc3 g6 4. d4 cxd4 5. Nxd4 Bg7 6. Be3 Nf6 7. Be2 $11 {[%emt 0:06:25] LiveBook: 506 Games} O-O 8. Qd2 d5 9. Nxc6 bxc6 10. O-O-O Be6 11. exd5 Nxd5 12. Bd4 Bxd4 13. Qxd4 Nxc3 14. Qxc3 Qb6 15. Qe3 Qxe3+ 16. fxe3 Bd5 17. Bf3 Rfd8 18. b3 Kf8 19. e4 Be6 20. g4 Ke8 21. h4 Rxd1+ 22. Kxd1 Rd8+ 23. Ke2 h6 24. Ke3 c5 25. Be2 Kd7 26. g5 Rh8 27. Kf4 hxg5+ 28. Kxg5 Kd6 29. Kf4 f6 30. Rd1+ Kc7 1/2-1/2

[Event "3rd ESNAI-ch 2018"]
[Site "Klaksvik"]
[Date "2018.04.18"]
[Round "5"]
[White "Efimov, Igor"]
[Black "Berg, Olaf"]
[Result "0-1"]
[ECO "D04"]
[WhiteElo "2407"]
[BlackElo "2235"]
[Annotator "NA"]
[PlyCount "62"]
[EventDate "2018.??.??"]
[EventType "tourn"]
[EventCountry "FAI"]
[SourceTitle "playchess.com"]
[Source "ChessBase"]
[SourceQuality "1"]
[TimeControl "40/5400+30:1800+30"]

1. Nf3 Nf6 2. d4 d5 3. e3 g6 4. c4 c6 5. Nc3 Bg7 6. Bd2 O-O 7. Rc1 a6 8. cxd5 cxd5 9. Ne5 Nbd7 10. Nd3 Re8 11. f4 $11 Nb6 12. Be2 Nc4 13. O-O e6 14. Rc2 Nxd2 15. Qxd2 Qd6 16. Rfc1 Bd7 17. Nc5 Bc6 18. b4 Nd7 19. b5 axb5 20. Nxb5 Qe7 21. Nb3 Nf6 22. Bd3 Red8 23. Na5 Bxb5 24. Bxb5 Ne4 25. Qe1 Qa3 26. Nxb7 Rdb8 27. Bc6 Ra6 28. Rb1 Qd3 29. Nc5 Qxe3+ 30. Qxe3 Rxb1+ 31. Rc1 Bxd4 0-1

[Event "3rd ESNAI-ch 2018"]
[Site "Klaksvik"]
[Date "2018.04.18"]
[Round "5"]
[White "Klerides, Paris"]
[Black "Belzo, Krzysztof"]
[Result "1-0"]
[ECO "B35"]
[WhiteElo "2183"]
[BlackElo "2103"]
[Annotator "NA"]
[PlyCount "57"]
[EventDate "2018.??.??"]
[EventType "tourn"]
[EventCountry "FAI"]
[SourceTitle "playchess.com"]
[Source "ChessBase"]
[SourceQuality "1"]
[TimeControl "40/5400+30:1800+30"]

1. e4 c5 2. Nf3 g6 3. d4 cxd4 4. Nxd4 Bg7 5. Nc3 Nc6 6. Be3 Nf6 7. Bc4 O-O 8. Bb3 d6 9. f3 Bd7 10. Qd2 Nxd4 11. Bxd4 b5 12. h4 h5 13. g4 e5 14. Be3 $16 Be6 15. gxh5 Nxh5 16. O-O-O Bxb3 17. cxb3 b4 18. Nd5 a5 19. Kb1 Ra6 20. Rc1 Ra8 21. Bb6 Qd7 22. Rc7 Qb5 23. Be3 Kh7 24. Nb6 Rab8 25. Nc4 Rbd8 26. Ra7 d5 27. Rxa5 dxc4 28. Rxb5 Rxd2 29. Bxd2 1-0

[Event "3rd ESNAI-ch 2018"]
[Site "Klaksvik"]
[Date "2018.04.18"]
[Round "5"]
[White "Theocharous, Stelios"]
[Black "Frick, Renato"]
[Result "1-0"]
[ECO "B47"]
[WhiteElo "2099"]
[BlackElo "2062"]
[Annotator "NA"]
[PlyCount "91"]
[EventDate "2018.??.??"]
[EventType "tourn"]
[EventCountry "FAI"]
[SourceTitle "playchess.com"]
[Source "ChessBase"]
[SourceQuality "1"]
[TimeControl "40/5400+30:1800+30"]

1. e4 c5 2. Nf3 e6 3. d4 cxd4 4. Nxd4 Nc6 5. Nc3 Qc7 6. g3 a6 7. Bg2 Nf6 8. O-O Be7 9. Re1 d6 10. Nxc6 bxc6 11. e5 dxe5 12. Rxe5 O-O 13. Re1 Bb7 {[%emt 0:02:12] LiveBook: 7 Games} 14. Bf4 $14 Qa5 15. Be5 Rad8 16. Qe2 Rd7 17. Rad1 Rfd8 18. Rxd7 Rxd7 19. Qc4 Nd5 20. Qg4 Bf8 21. Rd1 h5 22. Qxh5 f6 23. Bh3 f5 24. Qg6 Nf4 25. gxf4 Rxd1+ 26. Nxd1 Qe1+ 27. Bf1 Qxd1 28. Qxe6+ Kh8 29. Qxf5 Kg8 30. Qe6+ Kh8 31. Qh3+ Kg8 32. Qg2 Qxc2 33. b3 Qc1 34. h3 Bc8 35. Kh2 Be6 36. Be2 Qc2 37. Bf3 Qxa2 38. Bxc6 Qxb3 39. f5 Bf7 40. f6 Qe6 41. f4 Qa2 42. Bb2 g6 43. Be4 Bd6 44. Bxg6 Bxf4+ 45. Kh1 Qd5 46. Bxf7+ 1-0

[Event "3rd ESNAI-ch 2018"]
[Site "Klaksvik"]
[Date "2018.04.19"]
[Round "6"]
[White "Berg, Olaf"]
[Black "Kirby, Peter J"]
[Result "1-0"]
[ECO "B26"]
[WhiteElo "2235"]
[BlackElo "1985"]
[Annotator "NA"]
[PlyCount "107"]
[EventDate "2018.??.??"]
[EventType "tourn"]
[EventCountry "FAI"]
[SourceTitle "playchess.com"]
[Source "ChessBase"]
[SourceQuality "1"]
[TimeControl "40/5400+30:1800+30"]

1. e4 c5 2. Nc3 Nc6 3. g3 g6 4. Bg2 Bg7 5. d3 d6 6. Be3 e5 7. Qd2 Nge7 8. Bh6 Bxh6 9. Qxh6 Nd4 10. O-O-O {[%emt 0:05:12] B26: Closed Sicilian: 3 g3, lines with early Be3} b5 11. Qg7 Rf8 12. Nf3 $146 ({Predecessor:} 12. f4 b4 13. Nce2 Nxe2+ 14. Nxe2 Bg4 15. Rhe1 Nc6 16. h3 Bxe2 17. Rxe2 a5 {0-1 (37) Krapivin,A (2521)-Sjugirov,S (2444) Vladimir 2006}) 12... Nxf3 13. Bxf3 b4 14. Nd5 Nxd5 15. exd5 Qa5 16. Rhe1 f6 17. Qxh7 Bf5 18. g4 Bd7 19. Qxg6+ Kd8 {[%emt 0:00:36] [#]} 20. Kb1 $1 Rb8 21. Qh6 (21. g5 $142) 21... Kc7 22. b3 (22. Be4 $18 {is more deadly.}) 22... Rh8 23. Qd2 Rb6 24. a4 Bxa4 25. Kb2 c4 26. dxc4 Bd7 27. Ra1 Qc5 28. Rxa7+ Rb7 29. Rxb7+ $16 Kxb7 30. Rh1 Ra8 31. Qe3 Qa5 32. Kc1 Bxg4 33. Kd2 Bxf3 34. Qxf3 Qc5 35. Qe3 Qc7 36. h4 Qh7 37. c5 Ra2 38. Rc1 dxc5 39. Qxc5 Qxh4 40. Qc6+ Kb8 41. Qb6+ Kc8 42. Qc5+ Kd7 43. Qc6+ Kd8 44. Qb6+ Kc8 45. Rg1 Qh6+ 46. Qe3 Qxe3+ 47. fxe3 Ra5 48. e4 Kd7 49. Rg7+ Kd6 50. Rf7 Kc5 51. Rc7+ Kb5 52. Rc6 f5 53. exf5 Ra8 54. Ke3 1-0

[Event "3rd ESNAI-ch 2018"]
[Site "Klaksvik"]
[Date "2018.04.20"]
[Round "7"]
[White "Frick, Renato"]
[Black "Berend, Fred"]
[Result "0-1"]
[ECO "B30"]
[WhiteElo "2062"]
[BlackElo "2357"]
[Annotator "NA RC"]
[PlyCount "154"]
[EventDate "2018.??.??"]
[EventType "tourn"]
[EventCountry "FAI"]
[SourceTitle "playchess.com"]
[Source "ChessBase"]
[SourceQuality "1"]
[TimeControl "40/5400+30:1800+30"]

1. e4 c5 2. Nf3 Nc6 3. Bb5 d6 4. Nc3 Bd7 5. d4 cxd4 6. Nxd4 {[%emt 0:00:09] LiveBook: 12 Games} a6 {[%emt 0:01:06] B54: Sicilian: 2...d6 3 d4 cxd4 4 Nxd4, Unusual Lines} (6... g6 7. O-O Bg7 8. Be3 Nf6 9. Be2 O-O 10. f4 a6 11. Kh1 b5 12. Bf3 Rc8 13. Nxc6 Bxc6 14. Nd5 Nxd5 15. exd5 Bd7 16. c3 b4 17. cxb4 Bxb2 {0-1 (41) Lianes Garcia,M (2350)-Georgiev,K (2627) Roquetas de Mar 2017}) 7. Nxc6 bxc6 8. Bd3 g6 9. O-O Bg7 10. Bd2 Nf6 $146 ({Predecessor:} 10... e6 11. f4 Ne7 12. Rf3 O-O 13. Qf1 f5 14. Rb1 fxe4 15. Nxe4 {0-1 (56) Senger,A-Behr,R Heimbach Weis 2002}) 11. Rb1 O-O 12. Qe2 Bg4 13. f3 Be6 14. b3 Nd7 15. Na4 Qc7 16. Be3 a5 17. c4 c5 18. Qd2 Ne5 19. Bc2 (19. Be2 $11) 19... Nc6 20. Nc3 Nd4 21. Bd1 Bd7 22. a4 Qb6 23. Nd5 Qd8 24. Nc3 Bc6 25. Nb5 Qb6 26. Bh6 Bxh6 27. Qxh6 f6 28. Qe3 Rad8 29. Rb2 Rd7 30. Rd2 {[%emt 0:00:53] e} e5 31. Bc2 Qd8 32. Bb1 Rg7 33. Kh1 Kh8 {[%emt 0:05:43] g} 34. g4 (34. Qe1 $15) 34... Be8 35. Rg2 Qe7 (35... g5 $17) 36. Qc3 Qd8 37. Qe3 Kg8 38. Rfg1 Bc6 39. Rg3 Kf7 40. Qd3 Ke8 {[%emt 0:01:45] Qe} 41. Qe3 Kd7 ({Better is} 41... h5 $17) 42. R1g2 Rgf7 43. Rd2 Kc8 44. Kg1 Rh8 45. f4 {[%emt 0:03:48] [#]} g5 $1 46. f5 h5 47. h3 Rfh7 48. gxh5 Bxb5 49. axb5 Rxh5 50. Bd3 Rh4 51. Bf1 R8h7 52. Ra2 Rf4 53. Bg2 Ra7 54. Qd3 Kc7 55. Rg4 Kb6 56. Qe3 Qa8 57. Qe1 (57. Rg3 $15) 57... Rf3 58. Rg3 Rxb3 59. Rxb3 Nxb3 60. Qd1 Nd4 61. Qh5 a4 62. Ra3 Qg8 63. Qd1 Qxc4 64. Bf1 Qc2 {[%emt 0:01:07] Qh} 65. Qh5 Qxe4 66. Qe8 Qa8 67. Qg6 {[%emt 0:00:24] Qf} Qf8 68. Bc4 Ka5 69. Qh5 g4 70. hxg4 Kb4 71. Qh3 Kxc4 72. Qd3+ Kd5 73. b6 Ra5 74. Qd2 Rb5 75. Qg2+ e4 76. Qa2+ Kc6 77. Rxa4 {[%emt 0:00:21] Q} Qh6 0-1

[Event "3rd ESNAI-ch 2018"]
[Site "Klaksvik"]
[Date "2018.04.20"]
[Round "7"]
[White "Kirby, Peter J"]
[Black "Belzo, Krzysztof"]
[Result "1/2-1/2"]
[ECO "B38"]
[WhiteElo "1985"]
[BlackElo "2103"]
[Annotator "NA"]
[PlyCount "58"]
[EventDate "2018.??.??"]
[EventType "tourn"]
[EventCountry "FAI"]
[SourceTitle "playchess.com"]
[Source "ChessBase"]
[SourceQuality "1"]
[TimeControl "40/5400+30:1800+30"]

1. e4 g6 2. d4 Bg7 3. Nf3 c5 4. c4 cxd4 5. Nxd4 Nc6 6. Be3 d6 7. Nc3 Nf6 8. Be2 Bd7 9. O-O O-O 10. Qd2 Nxd4 11. Bxd4 Bc6 12. f3 a5 13. b3 Nd7 14. Be3 Nc5 15. Rab1 Qb6 $14 {[%emt 0:02:44] LiveBook: 637 Games} 16. Rfc1 Rfc8 17. Rc2 Qd8 18. Bf1 h5 19. Nd5 Bxd5 20. exd5 Kh7 21. Re1 Qf8 22. Qf2 Bf6 23. Rd1 Qg7 24. Qd2 Rc7 25. g3 b6 26. Kh1 Qf8 27. Bd3 Bg7 28. Kg2 Bh6 29. f4 f5 1/2-1/2

[Event "3rd ESNAI-ch 2018"]
[Site "Klaksvik"]
[Date "2018.04.21"]
[Round "8"]
[White "Berg, Olaf"]
[Black "Frick, Renato"]
[Result "1-0"]
[ECO "E61"]
[WhiteElo "2235"]
[BlackElo "2062"]
[Annotator "NA"]
[PlyCount "51"]
[EventDate "2018.??.??"]
[EventType "tourn"]
[EventCountry "FAI"]
[SourceTitle "playchess.com"]
[Source "ChessBase"]
[SourceQuality "1"]
[TimeControl "40/5400+30:1800+30"]

1. d4 Nf6 2. Nf3 g6 3. c4 Bg7 4. Nc3 d6 5. Bg5 Nbd7 6. h3 {[%emt 0:01:41] E61: King's Indian: Early deviations for White, including Smyslov System} (6. e3 h6 7. Bh4 g5 8. Bg3 Nh5 9. Bd3 e6 10. Nd2 Ndf6 11. Qb3 b6 12. O-O-O Bb7 13. f3 Nxg3 14. hxg3 Qe7 15. Nde4 Nxe4 16. Bxe4 c6 {0-1 (54) Tran,T (2538)-Van Foreest,J (2616) Tarvisio 2017}) 6... O-O {[%emt 0:06:49] LiveBook: 14 Games} 7. Qd2 c5 8. d5 Ne5 9. Nxe5 dxe5 10. e4 Ne8 11. h4 $146 ({Find the theoretical novelty and annotate with similar games:} 11. O-O-O Nd6 12. g4 a6 13. Kb1 Bd7 14. f3 {0-1 (54) Niemela,T-Juurikainen,J Finland 2000}) 11... h5 12. f3 f6 13. Be3 b6 14. g4 hxg4 15. h5 gxh5 16. Rxh5 Nd6 ({Weaker is} 16... gxf3 17. O-O-O $15) 17. Bh6 Nf7 18. Be3 gxf3 19. O-O-O Bg4 20. Rh4 Qd7 21. Bd3 $18 f2 22. Rdh1 f5 23. Qxf2 fxe4 24. Qg2 Bf3 25. Qg6 Rfe8 26. Rh7 1-0

[Event "3rd ESNAI-ch 2018"]
[Site "Klaksvik"]
[Date "2018.04.21"]
[Round "8"]
[White "Belzo, Krzysztof"]
[Black "Theocharous, Stelios"]
[Result "1-0"]
[ECO "A20"]
[WhiteElo "2103"]
[BlackElo "2099"]
[Annotator "NA"]
[PlyCount "59"]
[EventDate "2018.??.??"]
[EventType "tourn"]
[EventCountry "FAI"]
[SourceTitle "playchess.com"]
[Source "ChessBase"]
[SourceQuality "1"]
[TimeControl "40/5400+30:1800+30"]

1. c4 e5 2. g3 Nf6 3. Bg2 d5 4. cxd5 Nxd5 5. Nc3 Nb6 6. e3 c5 7. Nge2 Nc6 8. O-O Be7 9. f4 O-O 10. f5 g6 11. g4 Bh4 12. Ne4 Nd5 13. Nxc5 b6 14. Qa4 Ncb4 15. a3 bxc5 16. axb4 Bd7 17. Qa5 Qg5 18. Qxc5 Nf6 19. Qxe5 Qxg4 20. Qf4 Qxe2 21. Qxh4 Kg7 22. b3 Rab8 23. Bb2 Rb6 24. fxg6 fxg6 25. Bd4 Qxd2 26. Rxa7 Rd6 27. Qf4 Rxd4 28. Qxd4 Qxd4 29. exd4 Rb8 30. Rxf6 1-0

[Event "3rd ESNAI-ch 2018"]
[Site "Klaksvik"]
[Date "2018.04.22"]
[Round "9"]
[White "Berend, Fred"]
[Black "Berg, Olaf"]
[Result "1-0"]
[ECO "A40"]
[WhiteElo "2357"]
[BlackElo "2235"]
[Annotator "NA"]
[PlyCount "39"]
[EventDate "2018.??.??"]
[EventType "tourn"]
[EventCountry "FAI"]
[SourceTitle "playchess.com"]
[Source "ChessBase"]
[SourceQuality "1"]
[TimeControl "40/5400+30:1800+30"]

1. d4 Nf6 2. c4 e6 3. g3 c5 4. Nf3 cxd4 5. Nxd4 Nc6 6. Bg2 Qb6 7. Nb3 {[%emt 0:02:17] LiveBook: 76 Games} Qb4+ 8. N3d2 d5 9. a3 Qa5 10. O-O Be7 11. b4 Qc7 12. Nc3 dxc4 13. Nxc4 Nxb4 14. Qb3 Nbd5 {[%emt 0:10:39] [#]} 15. Nb5 $1 Qc5 {[%emt 0:05:29] [#]} 16. a4 $1 Qc6 $2 {[%emt 0:17:49] Ba} (16... O-O {might work better.} 17. Ba3 Nb4) 17. Ba3 Bd7 18. Bxe7 Kxe7 19. Qa3+ Ke8 20. Rac1 $18 1-0

[Event "3rd ESNAI-ch 2018"]
[Site "Klaksvik"]
[Date "2018.04.22"]
[Round "9"]
[White "Frick, Renato"]
[Black "Belzo, Krzysztof"]
[Result "1-0"]
[ECO "B35"]
[WhiteElo "2062"]
[BlackElo "2103"]
[Annotator "NA"]
[PlyCount "65"]
[EventDate "2018.??.??"]
[EventType "tourn"]
[EventCountry "FAI"]
[SourceTitle "playchess.com"]
[Source "ChessBase"]
[SourceQuality "1"]
[TimeControl "40/5400+30:1800+30"]

1. e4 g6 2. d4 Bg7 3. Nc3 c5 4. Nf3 cxd4 {[%emt 0:00:33] LiveBook: 764 Games} 5. Nxd4 Nc6 6. Be3 Nf6 7. Bc4 O-O 8. Bb3 d6 9. f3 Bd7 10. Qd2 Nxd4 11. Bxd4 b5 12. h4 a5 13. a4 b4 {[%emt 0:05:40] B77: Sicilian Dragon: Yugoslav Attack, 9 Bc4 sidelines} (13... bxa4 14. Nxa4 h5 15. Nb6 Ra6 16. Nxd7 Nxd7 17. Bxg7 Kxg7 18. Bc4 Ra8 19. Qd4+ {½-½ (19) Vachier Lagrave,M (2795)-Radjabov,T (2710) Moscow 2017}) 14. Nd5 e6 ({Black should play} 14... Nxd5 $14 15. Bxg7 Kxg7 16. Bxd5 Rc8) 15. Nxf6+ Bxf6 16. Bxf6 Qxf6 17. O-O-O Rad8 $146 ({Predecessor:} 17... Rfd8 18. Qg5 Qxg5+ 19. hxg5 Bc6 20. Rd4 Rd7 21. Kd2 Kg7 22. Ke3 Re8 23. Re1 d5 24. e5 Rb7 25. Rh4 Bd7 26. Reh1 Rh8 27. g4 Rc7 28. R1h2 {½-½ (28) Minic,D-Plater,K Polanica Zdroj 1963}) 18. Qe3 Qe5 {[%emt 0:07:55] [#]} 19. Rd3 (19. h5 $142 $1 ) 19... Bc6 20. Rhd1 Rd7 21. Qb6 Rc8 22. Qe3 (22. Rd4 $16) 22... Rcd8 23. Kb1 Kg7 $11 24. Qb6 Rc8 25. g4 h6 26. Qe3 Rcd8 27. Ka2 Kh7 28. Qb6 Rc8 29. c4 bxc3 30. Rxc3 Rb7 31. Qd4 Bd7 32. Qxe5 dxe5 33. Rxd7 1-0

[Event "3rd ESNAI-ch 2018"]
[Site "Klaksvik"]
[Date "2018.04.22"]
[Round "9"]
[White "Kirby, Peter J"]
[Black "Klerides, Paris"]
[Result "0-1"]
[ECO "E69"]
[WhiteElo "1985"]
[BlackElo "2183"]
[Annotator "NA"]
[PlyCount "198"]
[EventDate "2018.??.??"]
[EventType "tourn"]
[EventCountry "FAI"]
[SourceTitle "playchess.com"]
[Source "ChessBase"]
[SourceQuality "1"]
[TimeControl "40/5400+30:1800+30"]

1. Nf3 Nf6 2. c4 g6 3. g3 Bg7 4. Bg2 O-O 5. O-O d6 6. d4 Nbd7 7. Nc3 e5 8. e4 c6 9. h3 Qb6 10. Re1 Re8 11. d5 Nc5 {[%emt 0:01:23] E69: King's Indian: Fianchetto: 6...Nbd7 7 0-0 e5 8 e4 c6 9 h3} (11... cxd5 12. cxd5 Nc5 13. Rb1 a5 14. Be3 Bd7 15. Nd2 Rec8 16. Qe2 Qd8 17. Rec1 Ne8 18. b3 h5 19. a3 h4 20. g4 Bf6 21. Nf3 Be7 22. b4 axb4 23. axb4 {½-½ (79) Alekseev,E (2636)-Goganov,A (2635) St Petersburg 2016}) 12. Qc2 Bd7 13. Be3 cxd5 14. cxd5 Rac8 $146 ({Predecessor:} 14... Rec8 15. Rac1 Ne8 16. Qb1 a5 17. Nd2 a4 18. b4 axb3 19. Nxb3 Qa7 20. Bf1 b6 {1-0 (48) Raja,R (2241)-Mahmud,S (2216) Puchong 2017}) 15. Nd2 Qc7 16. Rac1 (16. a4 $16) 16... b5 17. b4 Na4 18. Ndb1 Qb7 19. Qb3 Nb6 20. Nd2 Rc7 21. Bf1 Rec8 22. Qb2 a6 (22... Ne8 $11 23. Ne2 (23. Nxb5 $2 Na4 $19) 23... f5) 23. a3 Bf8 24. Kg2 Rxc3 25. Rxc3 Na4 26. Rxc8 Nxb2 27. Rc2 Na4 28. Rec1 Ne8 29. Nb3 h5 30. Na5 Qa8 31. Be2 Kh7 32. g4 f5 33. gxf5 gxf5 34. Bxh5 fxe4 35. Bxe8 Qxe8 36. Rc7 Bh6 37. Rb7 Bxe3 38. fxe3 Kh6 39. Rcc7 Bf5 40. Rf7 Qg8+ 41. Kh2 Bg6 42. Rf6 Qxd5 43. Rd7 Qd2+ 44. Kh1 Qe1+ 45. Kh2 Kg5 46. Rfxd6 Qf2+ 47. Kh1 Kh5 48. Rd8 Qf7 49. Nc6 Qf1+ 50. Kh2 Qf2+ 51. Kh1 Qxe3 52. Rh8+ Kg5 53. h4+ Kf4 54. Rxg6 Qc1+ 55. Kg2 e3 56. Rf8+ Ke4 57. Re8 Qb2+ 58. Kh3 e2 59. Rge6 Qc3+ 60. Kg4 Qxc6 61. Rxe5+ Kd3 62. Re3+ Kd4 63. Rxe2 Nc3 64. R8e6 Qc8 65. Rd2+ Kc4 66. Rdd6 Qg8+ 67. Rg6 Qc8+ 68. Rge6 Kb3 69. Rxa6 Na4 70. Rac6 Qd7 71. Rcd6 {[%emt 0:01:10] [#]} Qg7+ $1 72. Rg6 Qb7 73. Rd3+ Nc3 74. Rgd6 Qc8+ 75. Kg5 Kxa3 76. h5 Kxb4 77. R6d4+ $19 Ka5 78. h6 Qg8+ 79. Kf6 Qh8+ 80. Kg6 Qg8+ 81. Kf6 Qh7 82. Kg5 Ne4+ 83. Kf4 Nc5 84. Ra3+ Kb6 85. Rd6+ Kb7 86. Re3 Kc7 87. Rf6 Nd7 88. Rfe6 Qf7+ 89. Kg5 b4 90. Re7 Qf6+ 91. Kh5 Qf5+ 92. Kh4 Qf4+ 93. Kh5 Qf5+ 94. Kh4 Qf6+ 95. Kh5 b3 96. R7e6 Qf5+ 97. Kh4 b2 98. Rc3+ Kd8 99. h7 Qxh7+ 0-1